 Dungeon Crawl Stone Soup version 0.31-a0-321-g19405a7a6a (webtiles) character file.

Game seed: 7282895937135067685

305 cforsyth the Changeling (level 6, 0/48 HPs)
             Began as a Vampire Shapeshifter on July 18, 2023.
             Slain by an ufetubus (2 damage)
             ... on level 3 of the Dungeon.
             The game lasted 00:05:18 (3175 turns).

cforsyth the Changeling (Vampire Shapeshifter)      Turns: 3175, Time: 00:05:18

Health: 0/48       AC:  2    Str: 16    XL:     6   Next: 16%
Magic:  6/6        EV: 12    Int: 10    God:
Gold:   145        SH:  0    Dex: 15    Spells: 5/5 levels left

rFire   . .          .
                       - Unarmed
rCold   . . .        (no shield)
rNeg    . . .        a - +0 animal skin
rPois   .            (helmet currently unavailable)
rElec   .            (cloak currently unavailable)
rCorr   .            (gloves currently unavailable)
SInv    +            (boots currently unavailable)
Will    +....        (no amulet)
Stlth   +            d - ring of willpower
HPRegen 0.48/turn    (no ring)
MPRegen 0.10/turn

%: no passive effects
@: beast-form, healing quickly
A: beast (slay +3), alive, fangs 3, see invisible, vampiric 2
a: Exsanguinate, Begin Untransformation


You were on level 3 of the Dungeon.
You were a hulking beast.
You visited 1 branch of the dungeon, and saw 5 of its levels.

You collected 176 gold pieces.
You spent 31 gold pieces at shops.

Inventory:

Missiles
 s - a throwing net
Armour
 a - a +0 animal skin (worn)
 t - a +0 pair of boots
Jewellery
 d - a ring of willpower (left hand)
 r - a ring of willpower
 x - a ring of protection from fire
Talismans
 c - a beast talisman
Scrolls
 g - a scroll of amnesia {unknown}
 h - 2 scrolls of brand weapon {unknown}
 i - 2 scrolls of summoning {unknown}
 k - 4 scrolls of identify {unknown}
 p - 3 scrolls of fear {unknown}
 v - a scroll of poison {unknown}
 y - a scroll of immolation {unknown}
Potions
 b - a potion of lignification
 e - 2 potions of ambrosia {unknown}
 f - a potion of might {unknown}
 j - a potion of heal wounds {unknown}
 l - a potion of experience {unknown}
 m - 3 potions of curing
 n - a potion of haste {unknown}
 o - a potion of invisibility {unknown}
 q - 3 potions of berserk rage {unknown}
 u - 2 potions of magic {unknown}
 w - a potion of enlightenment {unknown}


   Skills:
 + Level 3.7 Fighting
 - Level 2.1 Dodging
 + Level 4.4 Unarmed Combat
 + Level 4.6 Shapeshifting


You had 5 spell levels left.
You didn't know any spells.
Your spell library contained the following spells:

 Spells                   Type           Power      Damage    Failure   Level
 Summon Small Mammal      Summ           0%         N/A       36%         1
 Call Canine Familiar     Summ           0%         N/A       75%         3
 Summon Guardian Golem    Hex/Summ       0%         N/A       75%         3
 Volatile Blastmotes      Fire/Tloc      0%         2d10      75%         3
 Fulminant Prism          Conj/Hex       0%         3d5       98%         4
 Iskenderun's Mystic Bla  Conj/Tloc      0%         2d3       98%         4


Dungeon Overview and Level Annotations

Branches:
Dungeon (5/15)
 Temple: D:4-7

Altars:
Uskayaw

Shops:
D:3 **:[


Innate Abilities, Weirdness & Mutations

You are a hulking beast.
Your limbs bulge with bestial killing power. (Slay +3)
Your natural rate of healing is accelerated.
You have razor-sharp teeth.
You have supernaturally acute eyesight. (SInv)
You are afflicted with vampirism and can become a bat while bloodless.


Message History

There is an open door here.
The hound attacks as you move away! The hound barely misses you.
It was a potion of curing.
You feel better. The hound misses you. The hound bites you.
* * * LOW HITPOINT WARNING * * *
You hit the hound. You bite the hound.
The hound is severely wounded.
The hound bites you.
* * * LOW HITPOINT WARNING * * *
You closely miss the hound.
The hound is severely wounded.
The hound closely misses you. The hound bites you.
* * * LOW HITPOINT WARNING * * *
You hit the hound.
The hound is severely wounded.
The hound bites you but does no damage.
You barely miss the hound.
The hound is severely wounded.
The hound closely misses you.
You hit the hound.
The hound is almost dead.
The hound bites you.
* * * LOW HITPOINT WARNING * * *
The hound misses you.
You hit the hound.
You kill the hound!
The ufetubus hits you.
* * * LOW HITPOINT WARNING * * *
The ufetubus hits you but does no damage.
You hit the ufetubus.
The ufetubus is moderately wounded.
The ufetubus hits you.
* * * LOW HITPOINT WARNING * * *
The ufetubus closely misses you.
You closely miss the ufetubus.
The ufetubus is moderately wounded.
The ufetubus barely misses you. The ufetubus hits you.
* * * LOW HITPOINT WARNING * * *
The ufetubus hits you.
You die...

#...# ##...# #..÷.# #....#
#....# ##### #....# #...#
###....######...####
###.5....+............
######...#h...#########.###
#######........###....#
#.##.
............>÷........#
#...)
#######........###....#
#.... #........# #....#
####.... #........# #....#
#....... #...≈≈≈..# ###'###
#.###### #...≈∩≈..# #...#
#8# #....≈≈..# ###.# #.#


You could see an ufetubus.

Vanquished Creatures
  A hound (D:3)
  2 orc priests (D:4)
  Jessica (D:2)
  An orc wizard (D:4)
  Robin (D:2)
  4 adders (D:3)
  A white imp (D:5)
  A worm (D:2)
  A dart slug (D:3)
  11 orcs (D:4)
  3 bats
  15 endoplasms
  3 giant cockroaches
  7 hobgoblins
  3 quokkas
  6 ball pythons
  7 frilled lizards
  16 goblins
  3 kobolds
  5 rats
92 creatures vanquished.

Notes
Turn   | Place    | Note
-------+----------+-------------------------------------------
     0 | D:1      | cforsyth the Vampire Shapeshifter began the quest for the
                  | Orb.
     0 | D:1      | Reached XP level 1. HP: 16/16 MP: 1/1
   206 | D:1      | Found a faded altar of an unknown god.
   326 | D:1      | Reached XP level 2. HP: 22/22 MP: 2/2
   724 | D:2      | Noticed Jessica
   775 | D:2      | Killed Jessica
   776 | D:2      | Gained mutation: You are afflicted with vampirism and can
                  | become a bat while bloodless. [Vampire growth]
   776 | D:2      | Reached XP level 3. HP: 28/28 MP: 3/3
  1001 | D:2      | Noticed Robin
  1020 | D:2      | Reached XP level 4. HP: 11/34 MP: 4/4
  1403 | D:2      | Killed Robin
  1751 | D:3      | Found Hemm's General Store.
  1843 | D:3      | Found Vad Soho's Antique Armour Boutique.
  1868 | D:3      | Found Zittom's Book Shop.
  1986 | D:3      | Noticed a +0 dagger
  1987 | D:3      | Found a hide-covered altar of Uskayaw.
  1988 | D:3      | Noticed a +0 hand axe
  2038 | D:3      | Found Myulo Lego's Assorted Antiques.
  2060 | D:3      | Bought a scroll labelled OTETTA KAHOK for 31 gold pieces
  2081 | D:3      | Reached XP level 5. HP: 38/41 MP: 5/5
  2851 | D:4      | Reached XP level 6. HP: 35/48 MP: 6/6
  3107 | D:5      | Entered Level 5 of the Dungeon
  3175 | D:3      | HP: 2/48 [ufetubus (4)]
  3175 | D:3      | Slain by an ufetubus

Illustrated notes

Levels and vault maps discovered:
D:1:      wander_arrival_fairy_ring, layout_loops_ring,
          shapermc_ecumenical_altar_starsandcircs, nrook_loot_triangle,
          grunt_decor_junction, minmay_pentomino_p2
D:2:      layout_loops_ring, minmay_stone_trees_small, uniq_jessica, uniq_robin
D:3:      layout_basic, dancing_weapons_uskayaw, serial_shops, shop_statue,
          nicolae_shop_tiny_waterfront, shop, nicolae_shop_back_alley_shop
D:4:      layout_basic, grunt_ministairs_10, abandoned_shop, minivault_19
D:5:      layout_cave_pools, nemelex_xobeh_ov_fountains_minmay, feat_on_display,
          uniq_ijyb

Skill      XL: |  1  2  3  4  5 |
---------------+----------------+-----
Fighting       | 2 3 |  3.7
Unarmed Combat | 3 4 |  4.4
Shapeshifting  | 4 |  4.6
Dodging        | |  2.1

Action                     |  1- 3 |  4- 6 || total
---------------------------+-------+-------++-------
  Melee: Unarmed           |    78 |   158 ||   236
         Bite              |     7 |    11 ||    18
         Punch             |     2 |     6 ||     8
    Use: Potion            |       |     1 ||     1
   Stab: Sleeping          |     3 |     4 ||     7
 Armour: Animal skin       |    12 |    22 ||    34
  Dodge: Dodged            |    36 |   119 ||   155

Table legend: (Time is in decaauts)
 A = Elapsed time spent in this place.
 B = Non-inter-level travel time spent in this place.
 C = Inter-level travel time spent in this place.
 D = Time resting spent in this place.
 E = Time spent auto-exploring this place.
 F = Levels seen in this place.
 G = Mean time per level.
                   A        B        C        D        E       F      G
               +--------+--------+--------+--------+--------+-----+--------+
         Total |   3161 |   3048 |    113 |    371 |   2071 |   5 |  632.2 |
       Dungeon |   3161 |   3048 |    113 |    371 |   2071 |   5 |  632.2 |
               +--------+--------+--------+--------+--------+-----+--------+

Top non-repeatable levels by time:
     D:4: 913 daAuts
     D:3: 849 daAuts
     D:2: 678 daAuts
     D:1: 675 daAuts
     D:5: 44 daAuts
